 Dungeon Crawl Stone Soup version 0.28.0-43-g3370ac3207 (webtiles) character file.

Game seed: 15991905016805617317

128 jimonade the Shield-Bearer (level 5, -7/43 HPs)
             Began as a Gnoll Wanderer on Mar 17, 2022.
             Splashed by a jelly's acid (9 damage)
             ... on level 1 of the Dungeon.
             The game lasted 00:07:31 (2359 turns).

jimonade the Shield-Bearer (Gnoll Wanderer)         Turns: 2359, Time: 00:07:32

Health: -7/43      AC: -1    Str: 12    XL:     5   Next: 11%
Magic:  4/9        EV: 10    Int: 15    God:
Gold:   77         SH:  5    Dex:  9    Spells: 8/10 levels left

rFire   + . .      SeeInvis .   q - +2 short sword (drain)
rCold   + . .      Faith    .   d - +0 buckler
rNeg    . . .      Spirit   .   g - +0 ring mail
rPois   .          Reflect  .   k - +0 helmet
rElec   .          Harm     .   o - scarf {rC+ rF+}
rCorr   .          Rampage  .   (no gloves)
Will    .....                   (no boots)
Stlth   +.........              (no amulet)
HPRegen 0.14/turn               (no ring)
MPRegen 0.11/turn               (no ring)

@: corroded
A: fangs 1, strong nose, distributed training
a: no special abilities


You were on level 1 of the Dungeon.
You visited 1 branch of the dungeon, and saw 2 of its levels.

You collected 77 gold pieces.

Inventory:

Hand Weapons
 a - a +0 club
 m - a +0 hunting sling
 q - a +2 short sword of draining (weapon)
Missiles
 b - 127 stones
 j - 3 poisoned darts
Armour
 c - a +0 robe
 d - a +0 buckler (worn)
 e - a +0 leather armour
 g - a +0 ring mail (worn)
 h - a +0 leather armour
 k - a +0 helmet (worn)
 o - a scarf of resistance (worn)
Potions
 f - a potion of curing {unknown}
 l - a potion of brilliance {unknown}
 n - a potion of lignification {unknown}
 p - a potion of heal wounds {unknown}


   Skills:
 + Level 4.7 Fighting
 + Level 1.3 Short Blades
 + Level 1.3 Long Blades
 + Level 1.3 Axes
 + Level 1.3 Maces & Flails
 + Level 1.3 Polearms
 + Level 1.3 Staves
 + Level 1.3 Slings
 + Level 1.3 Bows
 + Level 1.3 Crossbows
 + Level 1.3 Throwing
 + Level 1.3 Armour
 + Level 1.3 Dodging
 + Level 1.3 Stealth
 + Level 6.6 Shields
 + Level 1.3 Unarmed Combat
 + Level 3.1 Spellcasting
 + Level 1.1 Conjurations
 + Level 1.1 Hexes
 + Level 1.1 Summonings
 + Level 5.5 Necromancy
 + Level 1.1 Translocations
 + Level 1.1 Transmutations
 + Level 1.1 Fire Magic
 + Level 1.1 Ice Magic
 + Level 1.1 Air Magic
 + Level 2.3 Earth Magic
 + Level 1.1 Poison Magic
 + Level 1.5 Invocations
 + Level 1.3 Evocations


You had 8 spell levels left.
You knew the following spells:

 Your Spells              Type           Power      Damage    Failure   Level
a - Pain                  Necr           72%        1d7       6%          1
b - Sandblast             Erth           18%        2d7       22%         1

Your spell library contained the following spells:

 Spells                   Type           Power      Damage    Failure   Level
 Animate Skeleton         Necr           36%        N/A       6%          1
 Animate Dead             Necr           9%         N/A       50%         4
 Stone Arrow              Conj/Erth      14%        3d7       63%         3


Dungeon Overview and Level Annotations

Branches:
Dungeon (2/15)

Altars:
Trog

Shops:
D:1 [


Innate Abilities, Weirdness & Mutations

You have very sharp teeth.
Your uncanny sense of smell can sniff out nearby items.
Your experience applies equally to all skills.


Message History

You are frozen.
You resist.
You climb upwards.
There is a stone staircase leading down here.
You block the jelly's attack.
The jelly writhes in agony!
The jelly hits you. The acid corrodes you!
You are splashed with acid!
You are too injured to fight recklessly!
You are too injured to fight recklessly!
Casting: Pain (safe; 6% risk of failure)
Confirm with . or Enter, or press ? or * to list all spells.
Aiming: Pain (safe; 6% risk of failure)
Press: ? - help, Shift-Dir - straight line, f/p - jelly
Aim: a jelly (heavily wounded, chance to affect: 83%)
The jelly writhes in agony.
The jelly closely misses you.
Casting: Pain (safe; 6% risk of failure)
Confirm with . or Enter, or press ? or * to list all spells.
Aiming: Pain (safe; 6% risk of failure)
Press: ? - help, Shift-Dir - straight line, f/p - jelly
Aim: a jelly (heavily wounded, chance to affect: 83%)
The jelly writhes in agony.
The jelly closely misses you.
Casting: Pain (safe; 6% risk of failure)
Confirm with . or Enter, or press ? or * to list all spells.
Aiming: Pain (safe; 6% risk of failure)
Press: ? - help, Shift-Dir - straight line, f/p - jelly
Aim: a jelly (severely wounded, chance to affect: 83%)
The jelly barely resists.
The jelly hits you.
You are splashed with acid!
* * * LOW HITPOINT WARNING * * *
Casting: Pain (safe; 6% risk of failure)
Confirm with . or Enter, or press ? or * to list all spells.
Aiming: Pain (safe; 6% risk of failure)
Press: ? - help, Shift-Dir - straight line, f/p - jelly
Aim: a jelly (severely wounded, chance to affect: 83%)
The jelly writhes in agony.
The jelly barely misses you.
You hit the jelly.
Your hands burn!
* * * LOW HITPOINT WARNING * * *
The jelly is almost dead.
The jelly hits you.
* * * LOW HITPOINT WARNING * * *
The acid corrodes you!
You are splashed with acid!
You die...

#......>..#
###########.........#
#...................#
#...................#
##...................#
...........).........#
.#..............J....#
.#..........####J#####
...#############@# #..##
##.....≈##.#
##..###..≈≈≈..##.#
##......≈≈≈≈≈.#..#
.#.##...≈≈≈≈≈∩#.##
....#...≈≈≈≈≈.#.#########
.........≈≈≈..#.#....)..#
.......#.....≈#.#.......#
....##.########.#.......#


You could see a jelly and an endoplasm.

Vanquished Creatures
  2 jellies
  2 adders (D:2)
  5 ball pythons
  2 bats
  6 endoplasms
  2 giant cockroaches (D:1)
  3 goblins
  5 hobgoblins
  3 jackals (D:2)
  8 kobolds (D:2)
  2 quokkas (D:1)
  3 frilled lizards
  2 rats
45 creatures vanquished.

Vanquished Creatures (others)
  2 fungi (D:2)
  10 toadstools (D:2)
12 creatures vanquished.

Grand Total: 57 creatures vanquished

Notes
Turn   | Place    | Note
-------+----------+-------------------------------------------
     0 | D:1      | jimonade the Gnoll Wanderer began the quest for the Orb.
     0 | D:1      | jimonade set off with the following items: a +0 club, 42
                  | stones, a +0 robe, a +0 buckler; and the following spells
                  | available to memorise: Animate Skeleton, Pain, Sandblast,
                  | Animate Dead, Stone Arrow
     0 | D:1      | Reached XP level 1. HP: 20/20 MP: 4/4
     2 | D:1      | Learned a level 1 spell: Pain
     4 | D:1      | Learned a level 1 spell: Sandblast
    85 | D:1      | Found Cicaloenn's Antique Armour Boutique.
   163 | D:1      | Reached XP level 2. HP: 24/26 MP: 3/5
   526 | D:1      | Found a faded altar of an unknown god.
   621 | D:1      | Found a bloodstained altar of Trog.
  1066 | D:2      | Reached XP level 3. HP: 31/31 MP: 5/7
  1276 | D:2      | Reached skill level 1 in Invocations
  1423 | D:2      | Reached skill level 1 in Short Blades
  1423 | D:2      | Reached skill level 1 in Long Blades
  1423 | D:2      | Reached skill level 1 in Axes
  1423 | D:2      | Reached skill level 1 in Maces & Flails
  1423 | D:2      | Reached skill level 1 in Polearms
  1423 | D:2      | Reached skill level 1 in Staves
  1423 | D:2      | Reached skill level 1 in Slings
  1423 | D:2      | Reached skill level 1 in Bows
  1423 | D:2      | Reached skill level 1 in Crossbows
  1423 | D:2      | Reached skill level 1 in Throwing
  1423 | D:2      | Reached skill level 1 in Armour
  1423 | D:2      | Reached skill level 1 in Dodging
  1423 | D:2      | Reached skill level 1 in Stealth
  1423 | D:2      | Reached skill level 1 in Unarmed Combat
  1423 | D:2      | Reached skill level 1 in Evocations
  1774 | D:2      | Reached XP level 4. HP: 30/38 MP: 0/8
  1944 | D:2      | Reached skill level 1 in Conjurations
  1944 | D:2      | Reached skill level 1 in Hexes
  1944 | D:2      | Reached skill level 1 in Summonings
  1944 | D:2      | Reached skill level 1 in Translocations
  1944 | D:2      | Reached skill level 1 in Transmutations
  1944 | D:2      | Reached skill level 1 in Fire Magic
  1944 | D:2      | Reached skill level 1 in Ice Magic
  1944 | D:2      | Reached skill level 1 in Air Magic
  1944 | D:2      | Reached skill level 1 in Poison Magic
  1980 | D:1      | Reached XP level 5. HP: 6/43 MP: 7/9
  2359 | D:1      | HP: 2/43 [jelly (1)]
  2359 | D:1      | Splashed by a jelly's acid

Illustrated notes

Levels and vault maps discovered:
D:1:      sevenhm_arrival_forest_fort_small_6, layout_rooms,
          dreamdust_ecumenical_altar_hidden_monk_grotto, serial_shops,
          nicolae_lakefront_shop
D:2:      cheibrodos_fertilizer, layout_loops_ring,
          minmay_fractal_squares_gapless_5

Skill      XL: |  1  2  3  4 |
---------------+-------------+-----
Earth Magic    | 2 |  2.3
Invocations    | 1 |  1.5
Short Blades   | 1 |  1.3
Long Blades    | 1 |  1.3
Axes           | 1 |  1.3
Maces & Flails | 1 |  1.3
Polearms       | 1 |  1.3
Staves         | 1 |  1.3
Slings         | 1 |  1.3
Bows           | 1 |  1.3
Crossbows      | 1 |  1.3
Throwing       | 1 |  1.3
Armour         | 1 |  1.3
Dodging        | 1 |  1.3
Stealth        | 1 |  1.3
Unarmed Combat | 1 |  1.3
Evocations     | 1 |  1.3
Spellcasting   | 3 |  3.1
Conjurations   | 1 |  1.1
Hexes          | 1 |  1.1
Summonings     | 1 |  1.1
Translocations | 1 |  1.1
Transmutations | 1 |  1.1
Fire Magic     | 1 |  1.1
Ice Magic      | 1 |  1.1
Air Magic      | 1 |  1.1
Poison Magic   | 1 |  1.1
Fighting       | |  4.7
Shields        | |  6.6
Necromancy     | |  5.5

Action                   |  1- 3 |  4- 6 || total
-------------------------+-------+-------++-------
Melee: Club              |    22 |    17 ||    39
       Bite              |     2 |     5 ||     7
       Short sword       |       |    16 ||    16
 Cast: Pain              |    53 |     8 ||    61
  Use: Scroll            |       |     1 ||     1
 Stab: Sleeping          |     1 |       ||     1
Armor: Robe              |     4 |       ||     4
       Ring mail         |     8 |    13 ||    21
       Leather armour    |     1 |       ||     1
Dodge: Dodged            |    30 |    12 ||    42
Block: Buckler           |    13 |     5 ||    18
